 Dungeon Sprint DCSS version 0.20-a0-876-g2c7b0bf (webtiles) character file.

95 esc the Sneak (level 4, -8/23 HPs)
             Began as a Spriggan Enchanter on Mar 15, 2017.
             Mangled by a tyrant leech (11 damage)
             ... in the Dungeon (Sprint II: "The Violet Keep of Menkaure").
             The game lasted 00:02:18 (133 turns).

esc the Sneak (Spriggan Enchanter)                   Turns: 133, Time: 00:02:20

Health: -8/23      AC:  2    Str:  4    XL:     4   Next: 39%
Magic:  2/11       EV: 21    Int: 16    God:
Gold:   243        SH:  0    Dex: 17    Spells: 0/12 levels left

rFire    . . .     SeeInvis +   a - +1 dagger
rCold    . . .     Gourm    .   b - +0 robe
rNeg     . . .     Faith    .   (shield restricted)
rPois    .         Spirit   .   (helmet restricted)
rElec    .         Reflect  .   (no cloak)
rCorr    .         Harm     .   (gloves unavailable)
MR       .....     NoTele   +   (boots unavailable)
Stlth    ++++......             (no amulet)
Regen    0.1/turn               (no ring)
MPRegen  0.2/turn               (no ring)

@: very slightly contaminated, very quick
A: unfitting armour, see invisible, herbivore 3, speed 3, slow metabolism 2
a: no special abilities


You were in the Dungeon.
You were not hungry.

You visited 1 branch You collected 243 gold pieces.

Inventory:

Hand Weapons
 a - a +1 dagger (weapon)
Armour
 b - a +0 robe (worn)
Scrolls
 j - a scroll of blinking {!r}
Potions
 e - a potion of curing
 g - a potion of haste
 h - a potion of magic
 i - a potion of berserk rage {!q}
Books
 c - a book of Maledictions
Comestibles
 d - a bread ration {@e1}


   Skills:
 + Level 2.6 Fighting
 + Level 3.7 Short Blades
 + Level 6.0 Dodging
 + Level 7.0 Stealth
 + Level 4.9 Spellcasting
 + Level 5.6 Hexes


You couldn't memorise any spells.
You knew the following spells:

 Your Spells              Type           Power        Failure   Level  Hunger
a - Ensorcelled Hibernat  Hex/Ice        ##....       10%         2    ##.....
b - Tukima's Dance        Hex            ###.....     6%          3    ###....
c - Confuse               Hex            ###.....     6%          3    ###....
d - Dazzling Spray        Conj/Hex       ##....       14%         3    ###....
v - Corona                Hex            ###....      1%          1    None


Dungeon Overview and Level Annotations

Branches:
Dungeon (1/1)

Altars:


Innate Abilities, Weirdness & Mutations

You are very small and have problems with some larger weapons.
You are too small for most types of armour.
You have supernaturally acute eyesight. (SInv)
You are a herbivore.
You cover ground extremely quickly.
You need consume almost no food.


Message History

You start memorising the spell.
You continue memorising. x3
You finish memorising.
Spell assigned to 'b'.
Memorise Dazzling Spray, consuming 3 spell levels and leaving 0?
You start memorising the spell.
You continue memorising. x3
You finish memorising.
Spell assigned to 'd'.
You open the door.
The worker ant twitches its antennae in your direction.
You hit the worker ant but do no damage.
The worker ant misses you.
Aim: a worker ant (chance to defeat MR: 51%)
The worker ant looks drowsy...
You now have 9/11 mp.
The helpless worker ant fails to defend itself.
You impale the worker ant!!
You kill the worker ant!
Your Dodging skill increases to level 6!
Your Stealth skill increases to level 7!
There is an open door here.
You see here a worker ant corpse.
You butcher the worker ant corpse.
There is an open door here.
You see here 3 chunks of flesh {@w0}.
You now have 243 gold pieces.
You start resting.
MP restored: 11
There is an open door here.
You see here 3 chunks of flesh {@w0}.
There is a staircase leading out of the dungeon here.
You open the door.
There is an open door here.
You see here 243 gold pieces.
The helpless tyrant leech fails to defend itself.
You spit the tyrant leech like a pig!!! The tyrant leech misses you.
Aim: a tyrant leech (severely wounded, chance to defeat MR: 27%)
Okay, then.
There is an open door here.
The helpless tyrant leech fails to defend itself.
You perforate the tyrant leech like a sieve!!!
The tyrant leech completely misses you. The tyrant leech barely misses you.
There is an open door here.
Aim: a tyrant leech (severely wounded, chance to defeat MR: 27%)
The tyrant leech easily resists.
You now have 9/11 mp.
Aim: a tyrant leech (severely wounded, chance to defeat MR: 27%)
The tyrant leech easily resists.
The tyrant leech bites you!
The tyrant leech draws strength from your injuries!
You take 10 damage, and have 13/23 hp.
MASSIVE DAMAGE!!
You now have 7/11 mp.
Aim: a tyrant leech (severely wounded, chance to defeat MR: 27%)
The tyrant leech easily resists.
The tyrant leech closely misses you.
You now have 5/11 mp.
There is a staircase leading out of the dungeon here.
Aim: a tyrant leech (severely wounded, chance to defeat MR: 27%)
You miscast Ensorcelled Hibernation.
You are very lightly contaminated with residual magic.
Nothing appears to happen.
You now have 3/11 mp.
Aim: a tyrant leech (severely wounded, chance to defeat MR: 27%)
The tyrant leech easily resists.
The tyrant leech bites you!
* * * LOW HITPOINT WARNING * * *
The tyrant leech draws strength from your injuries!
You take 10 damage, and have 3/23 hp.
MASSIVE DAMAGE!!
You now have 1/11 mp.
There is an open door here.
You see here 3 chunks of flesh {@w0}.
Aim: a tyrant leech (heavily wounded, chance to defeat MR: 27%)
The tyrant leech easily resists.
You now have 0/11 mp.
You feel much better.
Health restored: 23 The tyrant leech barely misses you.
You see here a worker ant corpse.
Magic courses through your body.
MP restored: 11
Aim: a tyrant leech (moderately wounded, chance to defeat MR: 27%)
The tyrant leech easily resists.
The tyrant leech bites you!
The tyrant leech draws strength from your injuries!
The tyrant leech bites you!
* * * LOW HITPOINT WARNING * * *
The tyrant leech draws strength from your injuries!
You take 20 damage, and have 3/23 hp.
MASSIVE DAMAGE!!
You now have 9/11 mp.
Aim: a tyrant leech (moderately wounded, chance to defeat MR: 27%)
The tyrant leech easily resists.
The tyrant leech completely misses you. The tyrant leech closely misses you.
You now have 7/11 mp.
Aim: a tyrant leech (moderately wounded, chance to defeat MR: 27%)
The tyrant leech easily resists.
The tyrant leech barely misses you.
The tyrant leech bites you but does no damage.
You now have 6/11 mp.
Aim: a tyrant leech (moderately wounded, chance to defeat MR: 27%)
The tyrant leech easily resists.
The tyrant leech barely misses you.
You now have 4/11 mp.
Aim: a tyrant leech (moderately wounded, chance to defeat MR: 27%)
The tyrant leech easily resists.
The tyrant leech bites you!
You die...

### ##
#@###+###.##
##ww##.##...#
+.##%.<.'###+
##..##.##$..#
#.###+###.##
### ##


You could see 2 tyrant leeches.

Vanquished Creatures
  4 worker ants (D)
4 creatures vanquished.

Vanquished Creatures (others)
  A crocodile (D)
1 creature vanquished.

Grand Total: 5 creatures vanquished

Notes
Turn   | Place    | Note
-------+----------+-------------------------------------------
     0 | D        | esc the Spriggan Enchanter began the quest for the Orb.
     0 | D        | Reached XP level 1. HP: 9/9 MP: 5/5
     1 | D        | Noticed a tyrant leech
     1 | D        | Noticed a tyrant leech
     5 | D        | Noticed a worker ant
     5 | D        | Noticed a worker ant
     5 | D        | Noticed a worker ant
     5 | D        | Noticed a worker ant
     8 | D        | Killed a worker ant
     8 | D        | Reached skill level 1 in Fighting
     8 | D        | Reached skill level 2 in Short Blades
     8 | D        | Reached skill level 4 in Dodging
     8 | D        | Reached skill level 5 in Stealth
     8 | D        | Reached skill level 3 in Spellcasting
     8 | D        | Reached skill level 4 in Hexes
     8 | D        | Reached XP level 2. HP: 14/14 MP: 5/7
     9 | D        | Reached skill level 3 in Short Blades
     9 | D        | Reached skill level 5 in Dodging
     9 | D        | Reached skill level 6 in Stealth
     9 | D        | Reached skill level 4 in Spellcasting
     9 | D        | Reached skill level 5 in Hexes
     9 | D        | Reached XP level 3. HP: 18/18 MP: 5/9
    13 | D        | Reached skill level 2 in Fighting
    13 | D        | Reached XP level 4. HP: 23/23 MP: 5/11
    52 | D        | Killed a crocodile
    64 | D        | Learned a level 2 spell: Ensorcelled Hibernation
    68 | D        | Learned a level 3 spell: Confuse
    72 | D        | Learned a level 3 spell: Tukima's Dance
    76 | D        | Learned a level 3 spell: Dazzling Spray
    79 | D        | Reached skill level 6 in Dodging
    79 | D        | Reached skill level 7 in Stealth
   116 | D        | HP: 3/23 [tyrant leech (10)]
   129 | D        | HP: 3/23 [tyrant leech (10)]
   133 | D        | Mangled by a tyrant leech

Vault maps used:
D:        the_violet_keep_of_menkaure

Skill      XL: |  1  2  3  4 |
---------------+-------------+-----
Fighting       | 1 2 |  2.6
Short Blades   | 2 3 |  3.7
Dodging        | 4 5 6 |  6.0
Stealth        | 5 6 7 |  7.0
Spellcasting   | 3 4 |  4.9
Hexes          | 4 5 |  5.6

Action                   |  1- 3 |  4- 6 || total
-------------------------+-------+-------++-------
Melee: Dagger            |     3 |     4 ||     7
 Cast: Ensorcelled Hiber |       |    11 ||    11
  Use: Potion            |       |     2 ||     2
 Stab: Sleeping          |     3 |     3 ||     6
Armor: Robe              |       |     1 ||     1
Dodge: Dodged            |     1 |    11 ||    12

Vault maps used:
D:        the_violet_keep_of_menkaure

Table legend:
 A = Turns spent in this place as a percentage of turns spent in the entire game.
 B = Non-inter-level travel turns spent in this place as a percentage of non-inter-level travel turns spent in the entire game.
 C = Inter-level travel turns spent in this place as a percentage of turns spent in this place.
 D = Turns resting spent in this place as a percentage of non-inter-level travel turns spent in this place.
 E = Turns spent auto-exploring this place as a percentage of non-inter-level travel turns spent in this place.
 F = Non-inter-level travel turns spent in this place divided by the number of levels of this place that you've seen.
                   A       B       C       D       E      F
               +-------+-------+-------+-------+-------+----------------------
         Total | 100.0 | 100.0 |   0.0 |   5.3 |   0.0 |  75.0
       Dungeon | 100.0 | 100.0 |   0.0 |   5.3 |   0.0 |  75.0
               +-------+-------+-------+-------+-------+----------------------

Table legend:
 A = Kills in this place as a percentage of kills in entire the game.
 B = Kills by you in this place as a percentage of kills by you in the entire game.
 C = Kills by friends in this place as a percentage of kills by friends in the entire game.
 D = Other kills in this place as a percentage of other kills in the entire game.
 E = Experience gained in this place as a percentage of experience gained in the entire game.
 F = Experience gained in this place divided by the number of levels of this place that you have seen.
                   A       B       C       D       E      F
               +-------+-------+-------+-------+-------+----------------------
         Total | 100.0 | 100.0 |  -nan |  -nan | 100.0 | 136.0
       Dungeon | 100.0 | 100.0 |  -nan |  -nan | 100.0 | 136.0
               +-------+-------+-------+-------+-------+----------------------
